 Dungeon Crawl Stone Soup version 0.30-a0-696-g2367cd04db (webtiles) character file.

Game seed: 17083850850008564129

4933 bande the Cleaver (level 10, -4/60 (61) HPs)
             Began as a Gargoyle Fighter on Jan 21, 2023.
             Was a Priest of Okawaru.
             Slain by Psyche
             ... wielding a +3 dagger of chaos
              (6 damage)
             ... on level 9 of the Dungeon.
             The game lasted 00:13:10 (7977 turns).

bande the Cleaver (Gargoyle Fighter)                Turns: 7977, Time: 00:13:11

HP:   -4/60 (61)    AC:  0    Str: 20    XL:     10   Next: 52%
MP:   12/12         EV: 17    Int:  9    God:    Okawaru [***...]
Gold: 630           SH:  0    Dex: 18    Spells: 9/9 levels left

rFire   . . .      SeeInvis .    (weapon currently unavailable)
rCold   . . .      Faith    .    (shield currently unavailable)
rNeg    + . .      Spirit   .    (body armour currently unavailable)
rPois   ∞          Reflect  .    (helmet currently unavailable)
rElec   .          Harm     .    (cloak currently unavailable)
rCorr   .          Rampage  .    (gloves currently unavailable)
Will    .....      Rage     3%   (boots currently unavailable)
Stlth   ++                       D - amulet of regeneration
HPRegen 1.10/turn                (ring currently unavailable)
MPRegen 0.13/turn                (ring currently unavailable)

@: bat-form, flying, slowed, lightly drained, unable to read, quick
A: fast, flying, no casting, sickness immunity, AC +7, tiny, negative energy
resistance 1, (electricity resistance), torment resistance 1, petrification
resistance, berserk 1, low MP 1, inability to read after injury 1
a: Renounce Religion, Heroism


You were on level 9 of the Dungeon.
You worshipped Okawaru.
Okawaru was most pleased with you.
You were a bat.
You visited 1 branch of the dungeon, and saw 9 of its levels.

You collected 630 gold pieces.

Inventory:

Hand Weapons
 a - a +1 vampiric war axe (melded)
 m - a +4 scimitar of flaming
 v - a +1 war axe of venom
Armour
 c - a +0 buckler (melded)
 g - a +0 pair of boots (melded)
 i - a +0 helmet (melded)
 o - a +2 pair of gloves (melded)
 w - a +0 chain mail (melded)
Jewellery
 A - a +5 ring of evasion (melded)
 D - an amulet of regeneration (around neck)
Wands
 e - a wand of iceblast (8)
 h - a wand of quicksilver (8)
 u - a wand of mindburst (34)
 z - a wand of flame (10)
Scrolls
 b - 4 scrolls of teleportation
 l - 4 scrolls of poison
 q - 2 scrolls of enchant weapon
 y - a scroll of silence
 C - 2 scrolls of magic mapping
Potions
 d - 2 potions of might
 f - a potion of resistance
 j - a potion of berserk rage
 n - a potion of degeneration {unknown}
 p - 2 potions of curing
 r - 2 potions of cancellation
 s - a potion of heal wounds
 t - 2 potions of lignification {unknown}
 x - 4 potions of flight
 B - a potion of invisibility
 E - 2 potions of brilliance
 F - a potion of magic {unknown}


   Skills:
 + Level 6.7 Fighting
 + Level 9.1 Axes
 + Level 6.8 Armour
 + Level 5.7 Shields
 * Level 5.2 Invocations
 * Level 5.3 Evocations


You had 9 spell levels left.
You didn't know any spells.
Your spell library contained the following spells:

 Spells                   Type           Power      Damage    Failure   Level
 Sandblast                Erth           0%         2d4       38%         1
 Ensorcelled Hibernation  Hex/Ice        0%         N/A       52%         2
 Passwall                 Tmut/Erth      0%         N/A       52%         2
 Spider Form              Tmut/Pois      0%         N/A       77%         3
 Stone Arrow              Conj/Erth      0%         3d7       77%         3
 Anguish                  Hex/Necr       0%         N/A       99%         4


Dungeon Overview and Level Annotations

Branches:
Dungeon (9/15)             Temple (0/1) D:7
   Lair: D:8-11         Orc: D:9-12

Altars:
Elyvilon
Fedhas
Gozag
Hepliaklqana
Nemelex Xobeh
Okawaru
Qazlal
Ru
Trog
Vehumet
Xom
Zin

Annotations:
D:9 Psyche


Innate Abilities, Weirdness & Mutations

You are a bat.
You are tiny and dextrous.
You move quickly.
You are flying.
Your equipment is almost entirely melded.
You are incapable of wielding weapons or throwing items.
You cannot cast spells.
You are immune to sickness and miasma.
((Your stone body is resilient. (AC +7)))
You are immune to poison.
You resist negative energy. (rN+)
((You are resistant to electric shocks. (rElec)))
You are resistant to unholy torment.
You are immune to petrification.
You sometimes lose your temper in combat.
Your magical capacity is low. (-10% MP)
You occasionally lose the ability to read scrolls when taking damage.


Message History

You hit the wraith.
The wraith is severely damaged.
Psyche hits you with a +3 dagger of chaos.
Psyche burns you. The wraith closely misses you.
You hit the wraith.
The wraith is almost destroyed.
Psyche hits you with a +3 dagger of chaos!
You easily resist.
The wraith hits you. Psyche completely misses you.
You are too injured to fight recklessly!
You are too injured to fight recklessly!
You are too injured to fight recklessly!
You are too injured to fight recklessly!
You are too injured to fight recklessly!
You are too injured to fight recklessly!
You are too injured to fight recklessly!
You are too injured to fight recklessly!
You are too injured to fight recklessly!
You are too injured to fight recklessly!
Unknown command.
You hit Psyche.
Psyche is lightly wounded.
Psyche hits you with a +3 dagger of chaos!
You feel threatened and lose the ability to read scrolls!
* * * LOW HITPOINT WARNING * * *
The wraith barely misses you.
You hit Psyche.
Psyche is moderately wounded.
Psyche closely misses you. The wraith hits you!
* * * LOW HITPOINT WARNING * * *
The wraith drains your vigour!
You feel as though you will be slow longer.
Psyche gestures wildly while chanting.
A swirling arc of seething chaos appears!
The arc of chaos hits the wraith.
The wraith seems to slow down.
The arc of chaos hits you. You partially resist.
You feel drained.
* * * LOW HITPOINT WARNING * * *
You hit Psyche but do no damage.
Psyche is moderately wounded.
Psyche hits you with a +3 dagger of chaos.
You die...

.....#.........
#...[.....<....
#..............
...............
...............
#.............
... #....W......
.. #...b@......
#. ##...#.....#
#.# #......#...
####.. ##.....##
.
......####.....##
## #.........##
.# ##..####..#
.## #.## #...#
#.# #.# #....#


You could see Psyche and a wraith (slow).

Vanquished Creatures
  Erica (D:8)
  Maurice (D:8)
  6 humans (D:7)
  A steam dragon (D:6)
  Eustachio (D:4)
  Menkaure (D:5)
  2 water moccasins
  An ice beast (D:8)
  3 orc warriors
  A sky beast (D:7)
  A black bear (D:6)
  2 ogres
  2 centaurs (D:8)
  2 phantoms (D:4)
  3 bullfrogs
  A kobold brigand (D:8)
  4 scorpions
  9 killer bees (D:8)
  6 hounds
  5 orc priests
  A jelly (D:7)
  3 iguanas
  10 orc wizards
  Robin (D:2)
  3 adders
  An ufetubus (D:7)
  A worm (D:2)
  2 dart slugs (D:1)
  35 orcs
  9 bats
  8 endoplasms
  2 giant cockroaches (D:3)
  20 goblins
  4 hobgoblins
  7 jackals
  4 quokkas
  7 ball pythons
  6 frilled lizards
  14 kobolds
  3 rats
194 creatures vanquished.

Notes
Turn   | Place    | Note
-------+----------+-------------------------------------------
     0 | D:1      | bande the Gargoyle Fighter began the quest for the Orb.
     0 | D:1      | Reached XP level 1. HP: 14/14 MP: 1/1
   116 | D:1      | Reached XP level 2. HP: 19/19 MP: 2/2
   161 | D:1      | Reached skill level 2 in Axes
   276 | D:1      | Reached XP level 3. HP: 22/23 MP: 3/3
   279 | D:1      | Found a faded altar of an unknown god.
   782 | D:2      | Noticed Robin
   807 | D:2      | Killed Robin
   808 | D:2      | Reached XP level 4. HP: 17/29 MP: 4/4
   945 | D:2      | Reached skill level 3 in Axes
  1683 | D:3      | Reached XP level 5. HP: 33/33 MP: 5/5
  1769 | D:3      | Found a hazy altar of Hepliaklqana.
  1952 | D:3      | Found a faded altar of an unknown god.
  1956 | D:3      | Found a blossoming altar of Fedhas.
  2196 | D:3      | Found a sparkling altar of Nemelex Xobeh.
  2448 | D:4      | Noticed Eustachio
  2458 | D:4      | Killed Eustachio
  2459 | D:4      | Reached skill level 4 in Axes
  2459 | D:4      | Reached skill level 1 in Evocations
  2459 | D:4      | Reached XP level 6. HP: 37/38 MP: 6/6
  2519 | D:4      | Found a shimmering altar of Xom.
  2978 | D:4      | Found an iron altar of Okawaru.
  3030 | D:5      | Entered Level 5 of the Dungeon
  3044 | D:4      | Reached XP level 7. HP: 42/43 MP: 7/7
  3101 | D:5      | Reached skill level 5 in Axes
  3192 | D:5      | Noticed Menkaure
  3203 | D:5      | Killed Menkaure
  3540 | D:5      | Reached skill level 5 in Armour
  3540 | D:5      | Reached XP level 8. HP: 40/48 MP: 8/8
  3952 | D:4      | Found a stormy altar of Qazlal.
  3952 | D:4      | Found a bloodstained altar of Trog.
  3971 | D:4      | Became a worshipper of Warmaster Okawaru
  3986 | D:5      | Reached skill level 5 in Fighting
  4095 | D:5      | Found a faded altar of an unknown god.
  4095 | D:5      | Found a white marble altar of Elyvilon.
  4103 | D:5      | Found an opulent altar of Gozag.
  4105 | D:5      | Found a radiant altar of Vehumet.
  4107 | D:5      | Found a faded altar of an unknown god.
  4587 | D:6      | Gained mutation: You are dopey. (Int -2) [potion of
                  | mutation]
  4587 | D:6      | Gained mutation: You occasionally lose the ability to read
                  | scrolls when taking damage. [potion of mutation]
  4587 | D:6      | Gained mutation: You expend magic power (3 MP) to
                  | strengthen your wands. [potion of mutation]
  4588 | D:6      | Lost mutation: You expend magic power (3 MP) to strengthen
                  | your wands. [potion of mutation]
  4588 | D:6      | Lost mutation: You are dopey. (Int -2) [potion of mutation]
  4588 | D:6      | Gained mutation: You are frail. (-10% HP) [potion of
                  | mutation]
  4588 | D:6      | Gained mutation: Your flesh is heat resistant. (rF+)
                  | [potion of mutation]
  4606 | D:6      | Reached skill level 6 in Axes
  4609 | D:6      | Reached skill level 1 in Invocations
  4693 | D:6      | Lost mutation: You are frail. (-10% HP) [potion of
                  | mutation]
  4693 | D:6      | Lost mutation: Your flesh is heat resistant. (rF+) [potion
                  | of mutation]
  4693 | D:6      | Gained mutation: You sometimes lose your temper in combat.
                  | [potion of mutation]
  4693 | D:6      | Gained mutation: Your magical capacity is low. (-10% MP)
                  | [potion of mutation]
  5056 | D:6      | Reached * piety under Okawaru
  5358 | D:7      | Reached skill level 7 in Axes
  5358 | D:7      | Reached XP level 9. HP: 52/54 MP: 9/9
  5456 | D:7      | Reached skill level 5 in Shields
  5752 | D:7      | Found a staircase to the Ecumenical Temple.
  5766 | D:7      | Reached skill level 8 in Axes
  5845 | D:7      | Reached ** piety under Okawaru
  5901 | D:7      | Found a sacrificial altar of Ru.
  6482 | D:8      | Reached XP level 10. HP: 60/60 MP: 10/11
  6584 | D:8      | Noticed Erica
  6633 | D:8      | Killed Erica
  6633 | D:8      | Reached *** piety under Okawaru
  6634 | D:8      | Reached skill level 5 in Evocations
  6903 | D:8      | Noticed Maurice
  6922 | D:8      | Killed Maurice
  6923 | D:8      | Reached skill level 9 in Axes
  6923 | D:8      | Reached skill level 5 in Invocations
  7724 | D:8      | Found a glowing silver altar of Zin.
  7724 | D:8      | Noticed an angel
  7967 | D:9      | Noticed Psyche
  7976 | D:9      | HP: 3/61 [wraith (15)]
  7976 | D:9      | HP: 1/60 [Psyche/chain of chaos (2)]
  7977 | D:9      | Slain by Psyche

Illustrated notes

Levels and vault maps discovered:
D:1:      nicolae_arrival_memento_mori, layout_loops_ring,
          ebering_ecumenical_altar_mist, chequers_serial_rivers_marsh
D:2:      layout_basic, minmay_cupped, uniq_robin
D:3:      layout_loops_cross, nicolae_hepliaklqana_hazy_memory,
          nemelex_xobeh_ov_fountains_minmay, nicolae_overflow_ecumenical_swirl,
          kennysheep_generic_room_16
D:4:      layout_loops_ring, nicolae_overflow_hidden_temple, uniq_eustachio
D:5:      layout_layer_cave, chequers_temple_overflow_minitemple, uniq_menkaure
D:6:      layout_basic, minivault_5, hangedman_decor_clover_reticule,
          minivault_22
D:7:      layout_loops_ring, mainiacjoe_overflow_concentric_impassable,
          minmay_temple_entry_hall, nrook_loot_triangle, minmay_ruffians
D:8:      layout_loops_corners, zin_angel, eino_jars, uniq_maurice, uniq_erica
D:9:      layout_layer_cave, uniq_psyche

Skill      XL: |  1  2  3  4  5  6  7  8  9 10 |
---------------+-------------------------------+-----
Axes           | 2 3 4 5 7 8 9 |  9.1
Armour         | 4 5 6 |  6.8
Fighting       | 4 5 6 |  6.7
Evocations     | 1 2 3 4 5 |  5.3
Shields        | 4 5 |  5.7
Invocations    | 2 4 5 |  5.2

Action                   |  1- 3 |  4- 6 |  7- 9 | 10-12 || total
-------------------------+-------+-------+-------+-------++-------
Melee: War axe           |   101 |   169 |   317 |   167 ||   754
       Unarmed           |       |       |       |     6 ||     6
  Use: Scroll            |       |     7 |    10 |     2 ||    19
       Potion            |       |       |     4 |     1 ||     5
Armor: Scale mail        |    90 |     1 |       |       ||    91
       Chain mail        |       |   116 |   243 |    89 ||   448
Dodge: Dodged            |    59 |    62 |   187 |   121 ||   429
Block: Buckler           |    27 |    51 |    96 |    36 ||   210

Table legend: (Time is in decaauts)
 A = Elapsed time spent in this place.
 B = Non-inter-level travel time spent in this place.
 C = Inter-level travel time spent in this place.
 D = Time resting spent in this place.
 E = Time spent auto-exploring this place.
 F = Levels seen in this place.
 G = Mean time per level.
                   A        B        C        D        E       F      G
               +--------+--------+--------+--------+--------+-----+--------+
         Total |   8262 |   8079 |    183 |   1329 |   4900 |   9 |  918.0 |
       Dungeon |   8262 |   8079 |    183 |   1329 |   4900 |   9 |  918.0 |
               +--------+--------+--------+--------+--------+-----+--------+

Top non-repeatable levels by time:
     D:8: 1546 daAuts
     D:5: 1363 daAuts
     D:7: 1071 daAuts
     D:2: 945 daAuts
     D:6: 915 daAuts
     D:3: 806 daAuts
     D:1: 775 daAuts
     D:4: 658 daAuts
     D:9: 179 daAuts
